 Dungeon Crawl Stone Soup version 0.25.1-2-g60ff931df9 (webtiles) character file.

Game seed: 12019738084301862290

339 Joresh2 the Firebug (level 6, -4/42 HPs)
             Began as a Demonspawn Fire Elementalist on Sept 2, 2020.
             Slain by a wight
             ... wielding a +4 battleaxe
              (18 damage)
             ... on level 6 of the Dungeon.
             The game lasted 00:19:33 (3585 turns).

Joresh2 the Firebug (Demonspawn Fire Elementalist)  Turns: 3585, Time: 00:19:34

Health: -4/42      AC:  3    Str:  8    XL:     6   Next: 29%
Magic:  0/11       EV: 16    Int: 18    God:
Gold:   107        SH:  0    Dex: 14    Spells: 8/12 levels left

rFire    + . .     SeeInvis .   t - staff of earth
rCold    x . .     Gourm    .   (no shield)
rNeg     . . .     Faith    .   a - +0 robe
rPois    .         Spirit   +   (no helmet)
rElec    .         Reflect  .   (no cloak)
rCorr    .         Harm     .   (no gloves)
MR       .....                  (no boots)
Stlth    ++........             (no amulet)
HPRegen  0.14/turn              f - +4 ring of evasion
MPRegen  0.12/turn              e - ring of fire

@: lightly drained
A: hooves 1, rugged brown scales 1, magic shield
a: no special abilities


You were on level 6 of the Dungeon.
You were hungry.

You visited 1 branch of the dungeon, and saw 6 of its levels.

You collected 107 gold pieces.

Inventory:

Hand Weapons
 d - a +0 short sword
 k - a +3 whip
 u - a +1 hand axe of electrocution
Missiles
 b - 5 poisoned darts (quivered)
 j - 3 boomerangs of dispersal
Armour
 a - a +0 robe (worn)
Magical Staves
 t - an uncursed staff of earth (weapon)
Jewellery
 e - a ring of fire (right hand)
 f - a +4 ring of evasion (left hand)
 i - an uncursed amulet of faith
Wands
 l - a wand of random effects (11)
Scrolls
 m - 2 scrolls of identify
 n - 2 scrolls of teleportation
 q - a scroll of remove curse
Potions
 h - 2 potions of lignification {unknown}
 p - a potion of heal wounds {unknown}
 r - a potion of might
 s - a potion of magic {unknown}
Comestibles
 c - 8 rations


   Skills:
 - Level 1.8(1.3) Dodging
 - Level 1.8(1.3) Stealth
 + Level 3.5(3.0) Spellcasting
 + Level 3.0(2.5) Conjurations
 * Level 4.7(4.2) Fire Magic
 * Level 1.2(0.8) Evocations


You had 8 spell levels left.
You knew the following spells:

 Your Spells              Type           Power        Failure   Level  Hunger
a - Foxfire               Conj/Fire      ###.         4%          1    None
b - Conjure Flame         Conj/Fire      ###.....     12%         3    ###....

Your spell library contained the following spells:

 Spells                   Type           Power        Failure   Level  Hunger
 Inner Flame              Hex/Fire       ###.....     21%         3    ###....
 Sticky Flame             Conj/Fire      ###.....     38%         4    ####...
 Fireball                 Conj/Fire      ###.......   75%         5    ######.


Dungeon Overview and Level Annotations

Branches:
Dungeon (7/15)
 Temple: D:4-7

Altars:
Makhleb

Annotations:
D:2 Sigmund


Innate Abilities, Weirdness & Mutations

You have large cloven feet.
You are partially covered in rugged brown scales. (AC +1, +3% HP)
When hurt, damage is shared between your health and your magic reserves.


Message History

Your base Conjurations skill increases to level 3!
A wight comes into view. It is wielding a +4 battleaxe.
You see here a scroll of identify.
m - 2 scrolls of identify (gained 1)
The wight hits you with a +4 battleaxe!
* * * LOW HITPOINT WARNING * * *
Your magical contamination has completely faded away.
Casting: Foxfire (safe; 4% risk of failure)
Confirm with . or Enter, or press ? or * to list all spells.
You feel a surge of power!
You conjure some foxfire!
The foxfire hits the wight.
The wight is moderately damaged.
The foxfire hits the wight.
The wight is heavily damaged.
Casting: Foxfire (safe; 4% risk of failure)
Confirm with . or Enter, or press ? or * to list all spells.
You don't have enough magic to cast that spell.
You feel better.
The wight hits you with a +4 battleaxe!!
You die...

#.####.# #.# #.#
#.# #.# #.# #.#
#.### #.# #.# #$#..
#.####)###.#.#
#.#........#.#
#.#.#####..#.####.#
.. #z.§......# #.
#@§#.###### #
#.##.# #.##.#
..##.# #####.# #.#
#.#


You could see a wight.

Vanquished Creatures
  A bullfrog (D:6)
  2 wights (D:6)
  Jessica (D:2)
  A worker ant (D:3)
  4 adders
  An ooze (D:1)
  3 worms
  4 dart slugs
  2 leopard geckos (D:3)
  8 orcs (D:3)
  3 giant cockroaches (D:3)
  11 goblins
  3 hobgoblins
  7 jackals
  12 kobolds
  2 quokkas (D:3)
  3 bats
  11 frilled lizards
  5 rats
84 creatures vanquished.

Vanquished Creatures (others)
  229 foxfires
229 creatures vanquished.

Grand Total: 313 creatures vanquished

Notes
Turn   | Place    | Note
-------+----------+-------------------------------------------
     0 | D:1      | Joresh2 the Demonspawn Fire Elementalist began the quest
                  | for the Orb.
     0 | D:1      | Reached XP level 1. HP: 13/13 MP: 3/3
    33 | D:1      | Found a burning altar of Makhleb.
   406 | D:1      | Gained mutation: You have large cloven feet. [demonic
                  | ancestry]
   406 | D:1      | Reached XP level 2. HP: 19/19 MP: 3/5
   576 | D:1      | Reached skill level 3 in Fire Magic
  1259 | D:2      | Reached XP level 3. HP: 22/24 MP: 2/6
  1667 | D:2      | Learned a level 3 spell: Conjure Flame
  1835 | D:2      | Noticed Sigmund
  1927 | D:2      | Noticed Jessica
  1932 | D:2      | Killed Jessica
  1932 | D:2      | Reached XP level 4. HP: 30/30 MP: 4/8
  2365 | D:3      | Reached skill level 4 in Fire Magic
  2681 | D:3      | Gained mutation: When hurt, damage is shared between your
                  | health and your magic reserves. [demonic ancestry]
  2681 | D:3      | Reached XP level 5. HP: 32/35 MP: 5/9
  3474 | D:4      | You fall into a shaft and drop 3 floors!
  3474 | D:7      | Noticed an ogre
  3475 | D:7      | Noticed a hippogriff
  3491 | D:6      | Reached skill level 1 in Evocations
  3555 | D:6      | Gained mutation: You are partially covered in rugged brown
                  | scales. (AC +1, +3% HP) [demonic ancestry]
  3555 | D:6      | Reached XP level 6. HP: 24/42 MP: 6/11
  3585 | D:6      | Slain by a wight

Illustrated notes

Levels and vault maps discovered:
D:1:      dpeg_arrival_lava_altar, layout_basic
D:2:      layout_loops_ring, minmay_misc_feat_doors, uniq_sigmund, uniq_jessica
D:3:      layout_loops_ring, first_ration
D:4:      old_forge, layout_basic, gammafunk_temple_overflow_wave,
          gup_sewer_entry_bubbles, okawaru_trees_2
D:6:      layout_loops_ring, grunt_temple_overflow_cloverleaf,
          grunt_qazlal_clouds, minmay_holes, uniq_crazy_yiuf_cottage
D:7:      layout_basic, temple_doors_cd, serial_shops, kennysheep_mini

Skill      XL: |  1  2  3  4  5  6 |
---------------+-------------------+-----
Fire Magic     | 3 4 |  4.7
Conjurations   | 2 3 |  3.0
Spellcasting   | 3 |  3.5
Evocations     | 1 |  1.2
Dodging        | |  1.8
Stealth        | |  1.8

Action                   |  1- 3 |  4- 6 || total
-------------------------+-------+-------++-------
Melee: Short sword       |     1 |     6 ||     7
       Kick              |     1 |     5 ||     6
       Staff             |       |     8 ||     8
 Cast: Foxfire           |    55 |    77 ||   132
  Use: Scroll            |     5 |     4 ||     9
       Potion            |       |     3 ||     3
  Eat: Chunk             |     4 |     4 ||     8
Armor: Robe              |     3 |     8 ||    11
Dodge: Dodged            |    28 |    55 ||    83
